 Dungeon Crawl Stone Soup version 0.31-a0-83-gbff143cfd1 (webtiles) character file.

Game seed: 14291426845916119579

25 Esekla the Sneak (level 3, -5/26 HPs)
             Began as an Octopode Delver on May 25, 2023.
             Was an Initiate of Gozag.
             Slain by an iguana (10 damage)
             ... on level 5 of the Dungeon.
             The game lasted 00:03:54 (454 turns).

Esekla the Sneak (Octopode Delver)                   Turns: 454, Time: 00:03:54

Health: -5/26      AC:  1    Str: 11    XL:     3   Next: 6%
Magic:  3/3        EV: 13    Int: 14    God:    Gozag
Gold:   48         SH:  0    Dex: 13    Spells: 2/2 levels left

rFire   . . .        d - +4 rapier
rCold   . . .        (no shield)
rNeg    . . .        (helmet restricted)
rPois   .            (no amulet)
rElec   .            (no ring)
rCorr   .            (no ring)
SInv    .            (no ring)
Will    .....        (no ring)
Stlth   ++++         (no ring)
HPRegen 0.24/turn    (no ring)
MPRegen 0.08/turn    (no ring)
                     (no ring)

%: no passive effects
@: gold aura
A: almost no armour, amphibious, 8 rings, camouflage 1, gelatinous body 1,
(nimble swimmer 1), tentacles
a: Renounce Religion, Potion Petition, Call Merchant, Bribe Branch


You were on level 5 of the Dungeon.
You worshipped Gozag.
Gozag was noncommittal.
You visited 2 branches of the dungeon, and saw 2 of its levels.

You collected 66 gold pieces.
You paid 18 gold pieces to Gozag.

Inventory:

Hand Weapons
 a - a +0 falchion
 d - a +4 rapier (weapon)
Wands
 f - a wand of digging (3)
Scrolls
 b - a scroll of fog
Potions
 c - 2 potions of lignification {unknown}
 e - a potion of haste
 g - a potion of degeneration {unknown}


   Skills:
 * Level 3.1 Fighting
 * Level 2.1 Long Blades
 * Level 2.1 Dodging
 + Level 7.4 Stealth
 * Level 0.2 Spellcasting


You had 2 spell levels left.
You didn't know any spells.
Your spell library was empty.

Dungeon Overview and Level Annotations

Branches:
Dungeon (5/15)             Temple (1/1) D:5

Altars:
Ashenzari
Cheibriados
Dithmenos
Elyvilon
Fedhas
Gozag
Hepliaklqana
Nemelex Xobeh
Qazlal
Trog
Uskayaw
Wu Jian
Yredelemnul

Shops:
D:5 *

Portals:
Ossuary: D:5


Innate Abilities, Weirdness & Mutations

You cannot wear most types of armour.
You are amphibious.
You can wear up to eight rings at the same time.
Your skin changes colour to match your surroundings (Stealth+).
Your rubbery body absorbs attacks. (AC +1, EV +1)
((You are camouflaged when in or above water. (Stealth+)))
You have tentacles for arms and can constrict up to eight enemies at once.


Message History

You have reached level 3!
Your experience leads to an increase in your attributes!
Increase (S)trength, (I)ntelligence, or (D)exterity?
You feel clever. x2
You now have 43 gold pieces (gained 7).
You see here a +0 club.
You now have enough gold to buy a potion of cancellation on this level.
You can access your shopping list by pressing '$'.
You now have 48 gold pieces (gained 5).
The iguana hisses angrily.
The orc shouts!
There is an open door here.
There is a sand-covered staircase here.
As you close the door, it creaks loudly!
An orc breaks down the door.
You closely miss the orc. You grab the orc. You constrict the orc.
The orc hits you with a +0 dagger.
You puncture the orc!
You kill the orc!
You closely miss the iguana. You grab the iguana.
You constrict the iguana, but do no damage.
The iguana bites you.
You hit the iguana but do no damage.
You constrict the iguana, but do no damage.
The iguana bites you!
Ouch! That really hurt!
* * * LOW HITPOINT WARNING * * *
Press: ? - help, v - describe, . - travel, g - get item
Here: an iguana (constricted by you)
Items here: 7 gold pieces; a +0 dagger.
A broken door, spattered with blood.
Unknown command.
Okay, then.
Okay, then.
Unknown command.
You hit the iguana but do no damage.
You constrict the iguana, but do no damage.
The iguana bites you!
You die...
Your body crumbles into a pile of gold.

,,,#.....#......#
,,,#.....#.#....#
,,,#.....).##...#
,,,#.......###..##
,,,#...l...'.##..#*
####.#.#.#.###)#..#*
.....#.#.#.##..##..#*
...........#...###..#*
#.#..#.#.......l@##..#
...........#...###,.## ***
.....#.....##..#*,,*# **,,
#.##.####..###.#,,*******
****,,, ..##.#
#..+,##..,<,,,,,* *,,,,,,
####.#####.#**,.#.**,**,*
*,**,,, .......#
#.#*,,##,#,,,*,***,***,,
######l###.#,,,,,,,,,,,,,,*,*
**, #...#*..,****,*,,,*,*,*,*
*,


You could see an iguana.

Vanquished Creatures
  A mummy (D:5)
  A dart slug (D:5)
  4 orcs (D:5)
  A jackal (D:5)
  A kobold zombie (D:5)
8 creatures vanquished.

Notes
Turn   | Place    | Note
-------+----------+-------------------------------------------
     0 | D:5      | Esekla the Octopode Delver began the quest for the Orb.
     0 | D:5      | Reached XP level 1. HP: 16/16 MP: 1/1
    24 | D:5      | Noticed an iguana
    31 | D:5      | Found Atadgh's CLEARANCE SALE!.
   110 | D:5      | Found a staircase to the Ecumenical Temple.
   123 | Temple   | Entered the Ecumenical Temple
   196 | Temple   | Became a worshipper of Gozag Ym Sagoz the Greedy
   215 | D:5      | Noticed an iguana
   219 | D:5      | Noticed an orc wizard
   254 | D:5      | Noticed an iguana
   291 | D:5      | Noticed an orc wizard
   325 | D:5      | Found a sand-covered staircase.
   334 | D:5      | Reached XP level 2. HP: 17/21 MP: 2/2
   349 | D:5      | Reached skill level 7 in Stealth
   428 | D:5      | Reached XP level 3. HP: 26/26 MP: 3/3
   454 | D:5      | Slain by an iguana

Illustrated notes

Levels and vault maps discovered:
D:5:      layout_loops_cross, mainiacjoe_overflow_six_doors_small,
          mainiacjoe_overflow_cross_hatched, temple_green,
          nicolae_ossuary_entry_giza, minivault_25, nicolae_shop_clearance
Temple:   hc_temple_tempest_star

Skill      XL: |  1  2 |
---------------+-------+-----
Stealth        | 7 |  7.4
Fighting       | |  3.1
Long Blades    | |  2.1
Dodging        | |  2.1
Spellcasting   | |  0.2

Action                     || total
---------------------------++-------
  Melee: Falchion          ||    13
         Tentacles         ||     6
         Constrict         ||     6
         Rapier            ||    11
    Use: Scroll            ||     2
   Stab: Sleeping          ||     1
  Dodge: Dodged            ||     6

Table legend: (Time is in decaauts)
 A = Elapsed time spent in this place.
 B = Non-inter-level travel time spent in this place.
 C = Inter-level travel time spent in this place.
 D = Time resting spent in this place.
 E = Time spent auto-exploring this place.
 F = Levels seen in this place.
 G = Mean time per level.
                   A        B        C        D        E       F      G
               +--------+--------+--------+--------+--------+-----+--------+
         Total |    457 |    444 |     13 |     51 |     58 |   2 |  228.5 |
       Dungeon |    370 |    370 |      0 |     51 |      0 |   1 |  370.0 |
        Temple |     86 |     73 |     13 |      0 |     58 |   1 |   86.0 |
               +--------+--------+--------+--------+--------+-----+--------+

Top non-repeatable levels by time:
     D:5: 370 daAuts
  Temple: 86 daAuts
